 Dungeon Crawl Stone Soup version 0.30.0-3-ga4e48a9924 (webtiles) character file.

Game seed: 10912057718556389666

67 zazu2006 the Protected (level 4, 0/32 HPs)
             Began as a Gnoll Wanderer on May 8, 2023.
             Slain by an iguana (11 damage)
             ... on level 3 of the Dungeon.
             The game lasted 00:03:39 (1492 turns).

zazu2006 the Protected (Gnoll Wanderer)             Turns: 1492, Time: 00:03:39

Health: 0/32       AC:  9    Str:  8 (9)  XL:     4   Next: 16%
Magic:  8/8        EV:  9    Int:  8 (10) God:
Gold:   32         SH:  0    Dex: 15 (17) Spells: 9/9 levels left

rFire   . . .        a - +2 quarterstaff
rCold   . . .        (shield currently unavailable)
rNeg    . . .        b - +0 scale mail
rPois   .            (no helmet)
rElec   .            i - +0 cloak
rCorr   +            (no gloves)
SInv    .            (no boots)
Will    .....        (no amulet) Stlth
                     f - ring of resist corrosion
HPRegen 0.25/turn    (no ring)
MPRegen 0.11/turn

%: no passive effects
@: no status effects
A: fangs 1, strong nose, distributed training
a: no special abilities


You were on level 3 of the Dungeon.
You visited 1 branch of the dungeon, and saw 3 of its levels.

You collected 32 gold pieces.

Inventory:

Hand Weapons
 a - a +2 quarterstaff (weapon)
Armour
 b - a +0 scale mail (worn)
 i - a +0 cloak (worn)
Jewellery
 f - a ring of resist corrosion (left hand)
Scrolls
 c - 2 scrolls of blinking
 d - a scroll of identify {unknown}
 g - a scroll of teleportation {unknown}
 j - 3 scrolls of poison {unknown}
 k - a scroll of fear {unknown}
 n - a scroll of magic mapping {unknown}
 o - 2 scrolls of amnesia {unknown}
Potions
 e - a potion of degeneration
 h - 4 potions of curing {unknown}
 l - 2 potions of attraction {unknown}
 m - a potion of brilliance {unknown}


   Skills:
 + Level 1.1 Fighting
 + Level 1.1 Short Blades
 + Level 1.1 Long Blades
 + Level 1.1 Axes
 + Level 1.1 Maces & Flails
 + Level 1.1 Polearms
 + Level 4.6 Staves
 + Level 1.1 Ranged Weapons
 + Level 1.1 Throwing
 + Level 8.5 Armour
 + Level 2.7 Dodging
 + Level 1.1 Stealth
 + Level 1.1 Shields
 + Level 1.1 Unarmed Combat
 + Level 3.0 Spellcasting
 + Level 0.8 Conjurations
 + Level 0.8 Hexes
 + Level 0.8 Summonings
 + Level 0.8 Necromancy
 + Level 0.8 Translocations
 + Level 0.8 Transmutations
 + Level 0.8 Fire Magic
 + Level 0.8 Ice Magic
 + Level 0.8 Air Magic
 + Level 0.8 Earth Magic
 + Level 3.8 Poison Magic
 + Level 1.2 Invocations
 + Level 1.1 Evocations


You had 9 spell levels left.
You didn't know any spells.
Your spell library contained the following spells:

 Spells                   Type           Power      Damage    Failure   Level
 Poisonous Vapours        Pois/Air       8%         N/A       77%         2
 Cigotuvi's Dreadful Rot  Necr/Pois/Air  8%         N/A       83%         2
 Passage of Golubria      Tloc           2%         N/A       100%        4
 Silence                  Hex/Air        1%         N/A       100%        5
 Summon Forest            Summ/Tloc      1%         N/A       100%        5
 Eringya's Noxious Bog    Tmut/Pois      2%         N/A       100%        6
 Summon Hydra             Summ           1%         N/A       100%        7
 Lehudib's Crystal Spear  Conj/Erth      1%         10d2      100%        8


Dungeon Overview and Level Annotations

Branches:
Dungeon (3/15)

Altars:


Innate Abilities, Weirdness & Mutations

You have very sharp teeth.
Your uncanny sense of smell can sniff out nearby items.
Your experience applies equally to all skills.


Message History

The iguana hisses angrily.
The orc shouts! x3; You hear a shout! x2
Found a fuming sapphire potion.
There is a stone staircase leading up here.
There are monsters nearby!
There are monsters nearby!
The orc hits you with a +0 trident.
An orc comes into view. It is wielding a +0 dagger.
You hit the orc. Your bite misses the orc.
The orc is heavily wounded.
The orc barely misses you.
You hit the orc.
The orc is severely wounded.
The orc hits you with a +0 trident.
You barely miss the orc.
The orc is severely wounded.
The orc hits you but does no damage.
An orc comes into view. It is wielding a +0 whip.
The orc hits you but does no damage. The iguana attacks as you move away!
The iguana bites you. The iguana attacks as you move away!
The iguana bites you but does no damage.
You hit the iguana but do no damage. The iguana bites you!
You barely miss the iguana. Your bite misses the iguana.
The iguana bites you but does no damage.
You barely miss the iguana. You bite the iguana, but do no damage.
The iguana bites you but does no damage.
You hit the iguana. You bite the iguana, but do no damage.
The iguana is lightly wounded.
The iguana closely misses you.
You barely miss the iguana.
The iguana is lightly wounded.
The iguana barely misses you.
You closely miss the iguana.
The iguana is lightly wounded.
The iguana bites you!
It was a potion of degeneration.
There was something very wrong with that liquid.
You feel weakened.
You feel dopey.
You feel clumsy. The iguana bites you!
You die...

.## #.. #########.#
#.........# #.........#
+.........# #.........#
#!....<..o############
..........ooool@.......
.........##############
.........o ...........
######..#### ...# ##.##
#.


You could see an iguana and 5 orcs.

Vanquished Creatures
  An adder (D:2)
  2 worms (D:2)
  3 dart slugs
  5 bats
  2 endoplasms
  A giant cockroach (D:1)
  6 hobgoblins
  8 jackals (D:2)
  7 ball pythons
  7 frilled lizards
  A kobold (D:2)
  2 rats (D:2)
45 creatures vanquished.

Notes
Turn   | Place    | Note
-------+----------+-------------------------------------------
     0 | D:1      | zazu2006 the Gnoll Wanderer began the quest for the Orb.
     0 | D:1      | zazu2006 set off with the following items: a +2
                  | quarterstaff, a +0 scale mail, a scroll of blinking; and
                  | the following spells available to memorise: Poisonous
                  | Vapours, Cigotuvi's Dreadful Rot.
     0 | D:1      | Reached XP level 1. HP: 13/13 MP: 4/4
   307 | D:1      | Reached XP level 2. HP: 9/19 MP: 5/5
  1049 | D:2      | Reached XP level 3. HP: 25/25 MP: 7/7
  1077 | D:2      | Reached skill level 1 in Invocations
  1102 | D:2      | Reached skill level 1 in Fighting
  1102 | D:2      | Reached skill level 1 in Short Blades
  1102 | D:2      | Reached skill level 1 in Long Blades
  1102 | D:2      | Reached skill level 1 in Axes
  1102 | D:2      | Reached skill level 1 in Maces & Flails
  1102 | D:2      | Reached skill level 1 in Polearms
  1102 | D:2      | Reached skill level 1 in Ranged Weapons
  1102 | D:2      | Reached skill level 1 in Throwing
  1102 | D:2      | Reached skill level 1 in Stealth
  1102 | D:2      | Reached skill level 1 in Shields
  1102 | D:2      | Reached skill level 1 in Unarmed Combat
  1102 | D:2      | Reached skill level 1 in Evocations
  1184 | D:2      | Reached XP level 4. HP: 32/32 MP: 8/8
  1492 | D:3      | Slain by an iguana

Illustrated notes

Levels and vault maps discovered:
D:1:      spicycebolla_green_bress_n_ham, layout_basic
D:2:      layout_basic, minivault_25, minmay_misc_feat_secret_circle
D:3:      layout_basic, mainiacjoe_overflow_brackets, uniq_ijyb, uniq_pargi

Skill      XL: |  1  2  3  4 |
---------------+-------------+-----
Invocations    | 1 |  1.2
Fighting       | 1 |  1.1
Short Blades   | 1 |  1.1
Long Blades    | 1 |  1.1
Axes           | 1 |  1.1
Maces & Flails | 1 |  1.1
Polearms       | 1 |  1.1
Ranged Weapons | 1 |  1.1
Throwing       | 1 |  1.1
Stealth        | 1 |  1.1
Shields        | 1 |  1.1
Unarmed Combat | 1 |  1.1
Evocations     | 1 |  1.1
Spellcasting   | 3 |  3.0
Staves         | |  4.6
Armour         | |  8.5
Dodging        | |  2.7
Conjurations   | |  0.8
Hexes          | |  0.8
Summonings     | |  0.8
Necromancy     | |  0.8
Translocations | |  0.8
Transmutations | |  0.8
Fire Magic     | |  0.8
Ice Magic      | |  0.8
Air Magic      | |  0.8
Earth Magic    | |  0.8
Poison Magic   | |  3.8

Action                     |  1- 3 |  4- 6 || total
---------------------------+-------+-------++-------
  Melee: Quarterstaff      |    94 |    34 ||   128
         Bite              |     4 |     3 ||     7
    Use: Potion            |       |     1 ||     1
 Armour: Scale mail        |    68 |    16 ||    84
  Dodge: Dodged            |    48 |     7 ||    55
